 Dungeon Crawl Stone Soup version 0.20.0-10-g0535bb4 (webtiles) character file.

1805 Gorglomux the Grappler (level 8, -5/79 HPs)
             Began as a Troll Venom Mage on June 4, 2017.
             Killed by divine providence
             ... invoked by an orc priest
              (14 damage)
             ... on level 7 of the Dungeon.
             The game lasted 00:05:22 (5161 turns).

Gorglomux the Grappler (Troll Venom Mage)           Turns: 5161, Time: 00:05:23

Health: -5/79      AC:  5    Str: 17    XL:     8   Next: 84%
Magic:  8/8        EV: 10    Int: 11    God:
Gold:   371        SH:  0    Dex: 12    Spells: 8/9 levels left

rFire    . . .     SeeInvis .     - Unarmed
rCold    + . .     Gourm    +   (no shield)
rNeg     . . .     Faith    .   a - +0 robe
rPois    +         Spirit   .   (helmet restricted)
rElec    .         Reflect  .   W - scarf {repulsion}
rCorr    .         Harm     .   (gloves unavailable)
MR       .....                  (boots unavailable)
Stlth    ++........             (no amulet)
Regen    0.7/turn               c - ring of protection from cold
MPRegen  0.2/turn               o - ring of poison resistance

@: repel missiles
A: unfitting armour, claws 3, fast metabolism 3, gourmand, regeneration 1,
shaggy fur 1, tough skin 2
a: no special abilities


You were on level 7 of the Dungeon.
You were completely stuffed.

You visited 1 branch of the dungeon, and saw 7 of its levels.
You also visited: Bailey.

You collected 371 gold pieces.

Inventory:

Armour
 a - a +0 robe (worn)
 W - a scarf of repulsion (worn)
Jewellery
 c - a ring of protection from cold (left claw)
 o - a ring of poison resistance (right claw)
 H - a +4 ring of dexterity
Wands
 C - a wand of confusion (23/48)
 I - a wand of iceblast (6/15)
Scrolls
 A - a scroll of fog
 B - 2 scrolls of amnesia {unknown}
 D - a scroll of immolation
 E - a scroll of noise {unknown}
 G - 4 scrolls of remove curse
 L - a scroll of fear {unknown}
 M - a scroll of brand weapon {unknown}
 O - a scroll of random uselessness {unknown}
 P - a scroll of teleportation {unknown}
 V - a scroll of enchant weapon {unknown}
 X - 2 scrolls of magic mapping {unknown}
 Z - 2 scrolls of recharging {unknown}
Potions
 e - a potion of lignification
 N - a potion of ambrosia
 Q - 4 potions of curing
 T - a potion of mutation {!q}
 U - a potion of agility
Books
 b - a Young Poisoner's Handbook

   Spells                             Type                      Level
   a - Sting                          Conjuration/Poison           1
   b - Poisonous Vapours              Poison/Air                   2
   c - Mephitic Cloud                 Conjuration/Poison/Air       3
   d - Olgreb's Toxic Radiance        Poison                       4
   e - Venom Bolt                     Conjuration/Poison           5
Comestibles
 z - 5 meat rations
 J - 12 chunks of flesh
 K - 3 royal jellies
 S - 7 bread rations
 Y - a fruit


   Skills:
 + Level 4.6 Fighting
 - Level 1.5 Dodging
 - Level 1.0 Stealth
 + Level 9.8 Unarmed Combat
 - Level 1.2 Spellcasting
 - Level 0.6 Conjurations
 - Level 2.1 Poison Magic


You had 8 spell levels left.
You knew the following spells:

 Your Spells              Type           Power        Failure   Level  Hunger
a - Sting                 Conj/Pois      #...         19%         1    ##.....


Dungeon Overview and Level Annotations

Branches:
Dungeon (7/15)             Temple (0/1) D:5

Altars:
Cheibriados
Fedhas
Kikubaaqudgha
Nemelex Xobeh
Vehumet
Xom
Zin

Shops:
D:5 %


Innate Abilities, Weirdness & Mutations

You are too large for most types of armour.
You have claws for hands.
Your metabolism is lightning-fast.
You like to eat raw meat.
Your natural rate of healing is unusually fast.
You are covered in fur. (AC +1)
You have very tough skin. (AC +2)


Message History

Unknown command.
There are monsters nearby!
You scratch the orc warrior.
The orc warrior is almost dead.
The orc priest mumbles some strange prayers to Beogh against you.
Beogh smites you!
* * * LOW HITPOINT WARNING * * *
The orc warrior hits you with a short sword of speed!
* * * LOW HITPOINT WARNING * * *
You are too injured to fight recklessly!
You are too injured to fight recklessly!
You are too injured to fight recklessly!
You are too injured to fight recklessly!
The orc closely misses you.
A worker ant comes into view.
Things that are here:
a dagger; a leather armour The orc priest invokes the aid of Beogh against you.
Beogh smites you!
You die...

...###..... .........
#......a ##......
####......# .......ooo#
.......o.# .........o##
..........)[@########## ##
.......................##
..
.................###....##
.. ...###############
###...# .###.# ##..#
..#..# ##..# _....#
###########..## ..#..#
#.......#...## .###.###
#..........##


You could see an orc warrior, an orc priest and 2 orcs.

Vanquished Creatures
  Eustachio (D:5)
  Duvessa (D:6)
  An ice beast (D:7)
  3 ogres
  2 phantoms
  A centaur (D:6)
  A bullfrog (D:6)
  Dowan (D:6)
  A bullfrog zombie (D:7)
  2 hounds
  4 orc priests
  2 jellies
  5 orc wizards
  An iguana (D:4)
  5 worker ants
  A hound skeleton (D:6)
  4 gnolls (D:3)
  A howler monkey skeleton (D:7)
  7 adders
  3 oozes
  An adder skeleton (D:5)
  A worm (D:4)
  2 dart slugs
  7 leopard geckos
  29 orcs
  A ball python (D:5)
  6 bats
  2 giant cockroaches (D:4)
  11 goblins
  4 hobgoblins
  6 jackals
  3 quokkas
  5 frilled lizards
  7 kobolds
  2 leopard gecko skeletons (D:6)
  A quokka skeleton (D:5)
  10 rats
145 creatures vanquished.

Notes
Turn   | Place    | Note
-------+----------+-------------------------------------------
     0 | D:1      | Gorglomux the Troll Venom Mage began the quest for the Orb.
     0 | D:1      | Reached XP level 1. HP: 16/16 MP: 1/1
   102 | D:1      | Reached skill level 1 in Unarmed Combat
   179 | D:1      | Reached XP level 2. HP: 24/24 MP: 2/2
   228 | D:1      | Reached skill level 2 in Unarmed Combat
   594 | D:1      | Reached XP level 3. HP: 31/31 MP: 3/3
   976 | D:2      | Reached skill level 3 in Unarmed Combat
  1707 | D:3      | Reached XP level 4. HP: 33/39 MP: 4/4
  1749 | D:3      | Reached skill level 4 in Unarmed Combat
  1853 | D:3      | Reached XP level 5. HP: 29/45 MP: 5/5
  2039 | D:3      | Reached skill level 5 in Unarmed Combat
  2415 | D:4      | Noticed an ogre
  2421 | D:4      | Killed an ogre
  2421 | D:4      | Reached skill level 6 in Unarmed Combat
  2421 | D:4      | Reached XP level 6. HP: 35/53 MP: 6/6
  2660 | D:4      | Reached skill level 7 in Unarmed Combat
  3066 | D:4      | Reached XP level 7. HP: 23/59 MP: 7/7
  3197 | D:5      | Entered Level 5 of the Dungeon
  3208 | D:5      | Found a staircase to the Ecumenical Temple.
  3208 | D:5      | Found a snail-covered altar of Cheibriados.
  3278 | D:5      | Noticed Eustachio
  3310 | D:5      | Killed Eustachio
  3310 | D:5      | Reached skill level 8 in Unarmed Combat
  3434 | D:5      | Reached skill level 1 in Fighting
  3787 | D:5      | Found Anutz's Food Shoppe.
  3928 | D:5      | Reached XP level 8. HP: 55/72 MP: 8/8
  4099 | D:5      | Found an ancient bone altar of Kikubaaqudgha.
  4102 | D:5      | Found a sparkling altar of Nemelex Xobeh.
  4105 | D:5      | Found a snail-covered altar of Cheibriados.
  4247 | D:6      | Noticed Dowan
  4248 | D:6      | Noticed Duvessa
  4253 | D:6      | Killed Duvessa
  4253 | D:6      | Reached skill level 9 in Unarmed Combat
  4257 | D:6      | Killed Dowan
  4257 | D:6      | Reached skill level 3 in Fighting
  4356 | D:6      | Found a shimmering altar of Xom.
  4414 | D:6      | Found a blossoming altar of Fedhas.
  4798 | D:7      | Found a radiant altar of Vehumet.
  4879 | D:7      | Found a glowing silver altar of Zin.
  4949 | D:7      | Found a flagged portal.
  4969 | Bailey   | Entered a bailey
  5161 | D:7      | Killed from afar by an orc priest

Skill      XL: |  1  2  3  4  5  6  7  8 |
---------------+-------------------------+-----
Unarmed Combat | 1 2 3 4 6 7 8 9 |  9.8
Fighting       | 2 4 |  4.6
Dodging        | |  1.5
Stealth        | |  1.0
Spellcasting   | |  1.2
Conjurations   | |  0.6
Poison Magic   | |  2.1

Action                   |  1- 3 |  4- 6 |  7- 9 || total
-------------------------+-------+-------+-------++-------
Melee: Unarmed           |   122 |   138 |   161 ||   421
       Punch             |     1 |     3 |     6 ||    10
Evoke: Wand              |       |       |     3 ||     3
  Use: Potion            |       |     1 |       ||     1
       Scroll            |       |       |     8 ||     8
 Stab: Sleeping          |     2 |     3 |     2 ||     7
  Eat: Chunk             |    20 |    14 |    19 ||    53
Armor: Robe              |    48 |    22 |    37 ||   107
Dodge: Dodged            |    71 |    60 |    69 ||   200
       Deflected         |       |       |     1 ||     1
